[Event "Early Titled Tuesday Blitz | February 8 2022"]
[White "Andreikin, Dmitry"]
[Black "Jones, Gawain C B"]
[WhiteFideId "4158814"]
[BlackFideId "409561"]
[WhiteElo "2736"]
[BlackElo "2657"]
[Result "1/2-1/2"]
[Round "11"]
[TimeControl "180+1"]
[Date "2022.02.08"]
[WhiteClock "0:00:05"]
[BlackClock "0:00:06"]

1. d4 Nf6 2. c4 g6 3. Nc3 Bg7 4. e4 d6 5. h3 O-O 6. Be3 e5 7. d5 Na6 8. Bd3 Nc5 9. Bc2 a5 10. g4 h5 11. f3 Nh7 12. Qd2 h4 13. O-O-O Bf6 14. Nge2 Qe7 15. Kb1 Bd7 16. b3 Na6 17. a3 Rfd8 18. Nc1 Bg5 19. Nd3 Bxe3 20. Qxe3 Nc5 21. Kb2 b6 22. b4 axb4 23. axb4 Na4+ 24. Bxa4 Bxa4 25. Ra1 Bd7 26. Kc2 Qg5 27. Kd2 Qf6 28. Nf2 Ng5 29. Ke2 Kg7 30. Nb5 Rdc8 31. Na7 Rcb8 32. Ra3 Rf8 33. Rha1 Qe7 34. Rg1 Kh7 35. b5 f6 36. Ra6 Rf7 37. Nd3 Raf8 38. Nc6 Bxc6 39. bxc6 Rg7 40. Ra7 f5 41. Rxc7 Qxc7 42. Qxg5 fxe4 43. fxe4 Qa7 44. Qd2 b5 45. c5 dxc5 46. Nxe5 c4 47. Rf1 Rxf1 48. Kxf1 Qa1+ 49. Kg2 Qxe5 50. Qe1 Re7 51. Qxh4+ Kg7 52. g5 Kg8 53. Qg4 c3 54. Qe2 Qxe4+ 55. Qxe4 Rxe4 56. c7 Rc4 57. d6 c2 58. d7 c1=Q 59. d8=Q+ Kf7 60. Qd7+ Kf8 61. Qd8+ Kf7 62. Qf6+ Ke8 63. Qe6+ Kf8 64. Qf6+ Ke8 65. Qe6+ Kf8 66. Qf6+ Ke8 1/2-1/2


[Site "https://www.chess.com"]

[Event "Early Titled Tuesday Blitz | February 8 2022"]
[White "Arabidze, Meri"]
[Black "Lashkin, Jegor"]
[WhiteFideId "13604040"]
[BlackFideId "13907808"]
[WhiteElo "2329"]
[BlackElo "2344"]
[Result "1/2-1/2"]
[Round "11"]
[TimeControl "180+1"]
[Date "2022.02.08"]
[WhiteClock "0:00:01"]
[BlackClock "0:00:02"]

1. d4 Nf6 2. Nf3 d5 3. c4 e6 4. g3 dxc4 5. Bg2 a6 6. O-O Nc6 7. e3 Rb8 8. Nfd2 e5 9. Nxc4 exd4 10. exd4 Be6 11. Re1 Be7 12. Ne5 Nxe5 13. dxe5 Qxd1 14. Rxd1 Ng4 15. Nc3 Nxe5 16. Bf4 Bd6 17. Ne4 Ke7 18. Rac1 Rhd8 19. b3 f6 20. h3 Rd7 21. Nxd6 cxd6 22. Be3 d5 23. f4 Nc6 24. Bc5+ Kf7 25. f5 Bxf5 26. Bxd5+ Be6 27. Bxc6 bxc6 28. Rxd7+ Bxd7 29. h4 Re8 30. Kf2 Be6 31. Bb6 Bd5 32. Re1 Be4 33. Rd1 Bd5 34. Re1 Rb8 35. Bc5 Rb7 36. Re2 Rd7 37. Rd2 h5 38. b4 Rb7 39. a3 Kg6 40. Re2 Kf7 41. Rd2 Rb8 42. Re2 Be6 43. Rd2 Bd5 44. Re2 Rb7 45. Re3 g5 46. hxg5 fxg5 47. Kg1 Kg6 48. Re7 Rb8 49. Re5 h4 50. gxh4 gxh4 51. Kh2 Rh8 52. Kh3 Bc4 53. Kh2 Kf7 54. Re7+ Kg6 55. Re5 h3 56. Re3 Bf1 57. Re6+ Kf5 58. Rxc6 Re8 59. Rc7 Re2+ 60. Kg3 Bg2 61. Rh7 Kg6 62. Rh8 Ra2 63. Rh4 Rxa3+ 64. Kh2 Ra2 65. Kg3 Kf5 66. Rh5+ Ke6 67. Rh6+ Kd5 68. Rh5+ Kc4 69. Rh4+ Kb5 70. Rh5 Bf1 71. Bf2+ Kc4 72. Bc5 Ra3+ 73. Kh2 Rb3 74. Rh4+ Kb5 75. Rf4 Rb2+ 76. Kg1 Bg2 77. Rf5 Rb1+ 78. Kh2 Rh1+ 79. Kg3 Kc4 80. Rf4+ Kd5 81. Rf5+ Ke6 82. Rh5 Rf1 83. Rh6+ Kf5 84. Kh2 Ra1 85. Rh5+ Kg4 86. Rh6 Ra2 87. Rg6+ Kf5 88. Rh6 Kg5 89. Rh8 Bf1+ 90. Kg3 Ra3+ 91. Kh2 Ra1 92. Rg8+ Kf5 93. Rg1 Ra2+ 94. Kg3 Bg2 95. Re1 Ra3+ 96. Kh2 Ra4 97. Re8 Ra2 98. Rf8+ Ke6 99. Kg3 Rc2 100. Re8+ Kd7 101. Rf8 a5 102. Rf7+ Ke6 103. Re7+ Kd5 104. Rd7+ Kc4 105. Rc7 Kb5 106. Rb7+ Kc6 107. Rb6+ Kc7 108. Ra6 axb4 109. Bxb4 Kb7 110. Rf6 Rc4 111. Bd6 Rd4 112. Kh2 Rd3 113. Bf4 Kc8 114. Rg6 Kd7 115. Rxg2 hxg2 116. Kxg2 Ke6 117. Bg3 Kf5 118. Kh2 Kg4 119. Bc7 Kf3 120. Bb6 Rd1 121. Bg1 Rd7 122. Bc5 1/2-1/2


[Site "https://www.chess.com"]

[Event "Early Titled Tuesday Blitz | February 8 2022"]
[White "Araujo Filho, Luiz Antonio Coel"]
[Black "Bambino Filho, Antonio Carlos"]
[WhiteFideId "2130661"]
[BlackFideId "2113163"]
[WhiteElo "2256"]
[BlackElo "2454"]
[Result "1-0"]
[Round "11"]
[TimeControl "180+1"]
[Date "2022.02.08"]
[WhiteClock "0:00:38"]
[BlackClock "0:00:02"]

1. d4 Nf6 2. Nf3 c5 3. e3 b6 4. Bd3 g6 5. Nbd2 Bb7 6. Qe2 Bg7 7. O-O O-O 8. b3 cxd4 9. exd4 Nd5 10. Ne4 Nc6 11. Bb2 Nf4 12. Qe3 Nxd3 13. Qxd3 Nb4 14. Qe2 Ba6 15. c4 d5 16. Ned2 dxc4 17. bxc4 Rc8 18. Rac1 Nc6 19. Nb3 e6 20. Rfd1 Re8 21. h3 Qe7 22. Ne5 Nxe5 23. dxe5 Qb4 24. Rd7 Bxc4 25. Qf3 Rf8 26. Rxa7 Bd5 27. Qe3 Rxc1+ 28. Bxc1 Rc8 29. Ba3 Qb5 30. Qf4 Qe8 31. Re7 Qf8 32. Bd6 Bxb3 33. axb3 h6 34. Rxe6 1-0


[Site "https://www.chess.com"]

[Event "Early Titled Tuesday Blitz | February 8 2022"]
[White "Atakhan, Abtin"]
[Black "Pourramezanali, Amirreza"]
[WhiteFideId "22502203"]
[BlackFideId "12511412"]
[WhiteElo "2119"]
[BlackElo "2376"]
[Result "0-1"]
[Round "11"]
[TimeControl "180+1"]
[Date "2022.02.08"]
[WhiteClock "0:00:03"]
[BlackClock "0:00:57"]

1. Nf3 d5 2. d4 Nf6 3. g3 c6 4. Bg2 Bf5 5. c4 e6 6. Nc3 Nbd7 7. Qb3 Qb6 8. c5 Qc7 9. Bf4 Qc8 10. h3 h6 11. g4 Bh7 12. O-O Be7 13. Qd1 O-O 14. b4 Bd8 15. Bd6 Re8 16. Ne5 Bc7 17. Bxc7 Qxc7 18. f4 Nxe5 19. fxe5 Nd7 20. Qd2 f6 21. exf6 Nxf6 22. g5 hxg5 23. Qxg5 Qe7 24. Rf2 e5 25. e3 exd4 26. exd4 Qe3 27. Qxe3 Rxe3 28. Rc1 Rae8 29. b5 Rd3 30. Rf4 Ree3 31. Nb1 cxb5 32. Kh2 Be4 33. Bxe4 Rxh3+ 34. Kg2 Rdg3+ 0-1


[Site "https://www.chess.com"]

[Event "Early Titled Tuesday Blitz | February 8 2022"]
[White "Avila Pavas, Santiago"]
[Black "Kamsky, Gata"]
[WhiteFideId "4437128"]
[BlackFideId "2000024"]
[WhiteElo "2242"]
[BlackElo "2645"]
[Result "0-1"]
[Round "11"]
[TimeControl "180+1"]
[Date "2022.02.08"]
[WhiteClock "0:00:02"]
[BlackClock "0:00:08"]

1. d4 f5 2. e4 fxe4 3. Nc3 Nf6 4. Bg5 g6 5. f3 d5 6. fxe4 Nxe4 7. Nxe4 dxe4 8. Bc4 Qd6 9. Qd2 Bg7 10. Ne2 Nc6 11. Rf1 Bf5 12. g4 Bxg4 13. Bf7+ Kd7 14. Bf4 Qb4 15. c3 Qb5 16. d5 Ne5 17. Bxe5 Bxe5 18. Be6+ Bxe6 19. dxe6+ Kxe6 20. O-O-O Rad8 21. Qe3 Rxd1+ 22. Rxd1 Kf7 23. Qxe4 Bf6 24. Nd4 Qg5+ 25. Kc2 c6 26. Qe6+ Kg7 27. Rd2 Rd8 28. h4 Qd5 29. Nf5+ gxf5 30. Rxd5 Rxd5 31. h5 Kh6 32. Qf7 f4 33. c4 Rd4 34. b3 f3 35. Qe6 Rf4 36. Qe3 e5 37. Qf2 Bh4 38. Kd3 Bxf2 0-1


[Site "https://www.chess.com"]

[Event "Early Titled Tuesday Blitz | February 8 2022"]
[White "Baches Garcia, Guillermo"]
[Black "Berdychevskaya, Natasha"]
[WhiteFideId "2209764"]
[BlackFideId "4159322"]
[WhiteElo "2446"]
[BlackElo "1780"]
[Result "1-0"]
[Round "11"]
[TimeControl "180+1"]
[Date "2022.02.08"]
[WhiteClock "0:00:05"]
[BlackClock "0:00:25"]

1. e4 e5 2. Nf3 Nf6 3. Nc3 Nc6 4. d4 Bb4 5. Nxe5 Nxe5 6. dxe5 Nxe4 7. Qg4 d5 8. Qxg7 Rf8 9. a3 Bxc3+ 10. bxc3 Qh4 11. g3 Qg4 12. Qxg4 Bxg4 13. Bg2 Nxc3 14. Bd2 Nb5 15. Bxd5 Nd4 16. Bxb7 Rd8 17. Be4 Bf3 18. Bxf3 Nxf3+ 19. Ke2 Nxd2 20. Rhd1 Ne4 21. Ke3 Nc3 22. Rd3 Nd5+ 23. Ke4 Nb6 24. Rad1 Ke7 25. f4 Nc4 26. Kf5 Ne3+ 27. Rxe3 Rxd1 28. Rc3 Rd7 29. g4 Rb8 30. h4 Rb6 31. g5 h5 32. gxh6 Rxh6 33. Kg5 Rg6+ 34. Kf5 Kd8 35. h5 Rh6 36. Kg5 Rd2 37. Kxh6 Kd7 38. Rh3 Ke6 39. Kg7 Rg2+ 40. Kf8 f6 41. h6 fxe5 42. h7 Rf2 43. h8=Q Rxf4+ 44. Ke8 Rb4 45. Qh6+ Kd5 46. axb4 e4 47. Re3 Kc4 48. Qf4 Kb5 49. Qxe4 Ka4 50. Qc6+ Kxb4 51. Qxc7 a5 52. Rb3+ Ka4 53. Qc4# 1-0


[Site "https://www.chess.com"]

[Event "Early Titled Tuesday Blitz | February 8 2022"]
[White "Berezin, Viktor"]
[Black "Tuleyeva-Aketayeva, Dana"]
[WhiteFideId "14107872"]
[BlackFideId "13701932"]
[WhiteElo "2310"]
[BlackElo "1944"]
[Result "0-1"]
[Round "11"]
[TimeControl "180+1"]
[Date "2022.02.08"]
[WhiteClock "0:00:11"]
[BlackClock "0:00:39"]

1. d4 Nf6 2. Nf3 e6 3. g3 c5 4. Bg2 g6 5. c3 cxd4 6. cxd4 Bg7 7. O-O O-O 8. Nc3 d5 9. Ne5 Nbd7 10. Bf4 Nh5 11. Nxd7 Bxd7 12. Be3 Bc6 13. Rc1 Rc8 14. Qb3 Nf6 15. Na4 Ne4 16. Rfd1 Nd6 17. Bf4 Nc4 18. e4 Bxa4 19. Qxa4 Nxb2 20. Qb3 Nxd1 21. Rxd1 g5 22. Be3 dxe4 23. Bxe4 b6 24. d5 exd5 25. Rxd5 Qe7 26. Bxg5 Qxe4 27. Rd7 Qe1+ 28. Kg2 Qe4+ 29. Kg1 h6 30. Be3 Rcd8 31. Rxa7 Qd3 32. Qxb6 Qd1+ 33. Kg2 Qd5+ 34. Kg1 Qf3 0-1


[Site "https://www.chess.com"]

[Event "Early Titled Tuesday Blitz | February 8 2022"]
[White "Bettalli, Francesco"]
[Black "Quirke, Jeffrey"]
[WhiteFideId "2816453"]
[BlackFideId "2013029"]
[WhiteElo "2216"]
[BlackElo "2255"]
[Result "1-0"]
[Round "11"]
[TimeControl "180+1"]
[Date "2022.02.08"]
[WhiteClock "0:02:14"]
[BlackClock "0:00:13"]

1. d4 d5 2. Nc3 Nf6 3. Bf4 e6 4. Nb5 Na6 5. e3 c6 6. Nc3 Nc7 7. a3 Bd6 8. Nf3 O-O 9. Bd3 Re8 10. O-O a6 11. Ne5 c5 12. dxc5 Bxc5 13. b4 Bf8 14. Qf3 Ra7 15. g4 Qe7 16. g5 Nd7 17. Ng4 e5 18. Qh3 g6 19. Bg3 Bg7 20. e4 d4 21. Nd5 Nxd5 22. exd5 Nb6 23. Be4 Qd7 24. f3 Nxd5 25. Qh4 Nc3 26. Nf6+ Bxf6 27. gxf6 Re6 28. Bf5 Qd8 29. Bxe6 Bxe6 30. Bxe5 h5 31. Qxd4 Ne2+ 32. Kf2 Nxd4 33. Rad1 Qc7 34. Bxc7 1-0


[Site "https://www.chess.com"]

[Event "Early Titled Tuesday Blitz | February 8 2022"]
[White "Bintang, Rasyid A. Hidayat"]
[Black "Sovetbekova, Nurai"]
[WhiteFideId "7105355"]
[BlackFideId "13801910"]
[WhiteElo "2335"]
[BlackElo "1545"]
[Result "0-1"]
[Round "11"]
[TimeControl "180+1"]
[Date "2022.02.08"]
[WhiteClock "0:00:25"]
[BlackClock "0:00:06"]

1. d4 Nf6 2. Bf4 g6 3. Nc3 d5 4. e3 Bg7 5. h4 h5 6. Nf3 c5 7. Nb5 Na6 8. c3 Bd7 9. a4 O-O 10. Be2 Qb6 11. O-O c4 12. b3 Bxb5 13. axb5 Qxb5 14. bxc4 dxc4 15. Ne5 Rfc8 16. Qa4 Qxa4 17. Rxa4 Nd5 18. Rc1 Nb6 19. Ra3 Nc7 20. Nxc4 Nxc4 21. Bxc4 b5 22. Bxc7 Rxc7 23. Bxb5 Rb8 24. c4 Rxb5 25. Rac3 Rb6 26. c5 Rb4 27. Ra3 e6 28. Rca1 Rbb7 29. c6 Rxc6 30. Rxa7 Rxa7 31. Rxa7 Rc1+ 32. Kh2 Bf6 33. g3 Kg7 34. Kg2 Bd8 35. Ra2 Kf6 36. Rd2 Ba5 37. Re2 Re1 38. Ra2 Bb4 39. Rb2 Bd6 40. Rb6 Bc7 41. Rc6 Ba5 42. Rc2 Rb1 43. Ra2 Rb5 44. Rc2 Rb6 45. Rc5 Bb4 46. Rc2 Rd6 47. Rb2 Ba5 48. Ra2 Bb6 49. Rb2 e5 50. dxe5+ Kxe5 51. Rb5+ Ke6 52. Rb2 Rc6 53. Rd2 Bc7 54. Rb2 Bd6 55. Rd2 f5 56. Rb2 Ra6 57. Kf3 Ke5 58. Rb5+ Ke6 59. Rb3 Ra2 60. Rd3 Bc7 0-1


[Site "https://www.chess.com"]

[Event "Early Titled Tuesday Blitz | February 8 2022"]
[White "Blokhin, Sofia"]
[Black "Murthy, Pappu"]
[WhiteFideId "4508190"]
[BlackFideId "2013401"]
[WhiteElo "1762"]
[BlackElo "1959"]
[Result "0-1"]
[Round "11"]
[TimeControl "180+1"]
[Date "2022.02.08"]
[WhiteClock "0:00:02"]
[BlackClock "0:00:03"]

1. e4 c5 2. Nf3 d6 3. d4 cxd4 4. Nxd4 Nf6 5. Nc3 g6 6. f3 Bg7 7. Be3 O-O 8. Qd2 Nc6 9. O-O-O d5 10. Nxc6 bxc6 11. e5 Nd7 12. f4 e6 13. h4 h5 14. Be2 c5 15. Bf2 Rb8 16. g4 Qb6 17. b3 hxg4 18. h5 g3 19. Bxg3 c4 20. h6 cxb3 21. cxb3 Bxe5 22. fxe5 Kh7 23. Bd3 Ba6 24. Qe2 Rfc8 25. Kb2 Bxd3 26. Qxd3 Nc5 27. Qf3 Rb7 28. Qf6 Rg8 29. Rdf1 Qb4 30. Rh4 Nd3+ 31. Kb1 Qxc3 32. Rh2 Rxb3+ 33. axb3 Qxb3+ 34. Ka1 Qa3+ 35. Kb1 Rb8+ 36. Kc2 Rb2+ 37. Kd1 Qa1# 0-1


[Site "https://www.chess.com"]

[Event "Early Titled Tuesday Blitz | February 8 2022"]
[White "Bortnyk, Olexandr"]
[Black "Yeletsky, Ivan"]
[WhiteFideId "14120828"]
[BlackFideId "24180327"]
[WhiteElo "2723"]
[BlackElo "2348"]
[Result "1/2-1/2"]
[Round "11"]
[TimeControl "180+1"]
[Date "2022.02.08"]
[WhiteClock "0:00:03"]
[BlackClock "0:00:06"]

1. e4 c5 2. c3 Nf6 3. e5 Nd5 4. d4 cxd4 5. Nf3 d6 6. cxd4 dxe5 7. Nxe5 Nc6 8. Bc4 e6 9. O-O Be7 10. Nf3 O-O 11. Qe2 a6 12. Nc3 b5 13. Bd3 Bb7 14. a3 Rc8 15. Ne4 Nf6 16. Be3 Na5 17. Nc3 Nc4 18. Rad1 Bxf3 19. gxf3 Nd5 20. Ne4 f5 21. Nc5 Ndxe3 22. Nxe6 Qd6 23. Bxc4 Nxc4 24. Nxf8 Rxf8 25. b3 Nb6 26. d5 Nd7 27. Rfe1 Re8 28. Qe6+ Kf8 29. Qxf5+ Bf6 30. Qxh7 Rxe1+ 31. Rxe1 Ne5 32. Qe4 g5 33. a4 bxa4 34. bxa4 Kg7 35. Rd1 Ng6 36. Qe6 Qc5 37. d6 Nf4 38. Qd7+ Kh6 39. Qg4 Qc2 40. Rf1 Qd3 41. d7 Ne2+ 42. Kg2 Nf4+ 43. Kg1 Ne2+ 44. Kg2 Nf4+ 45. Kg1 1/2-1/2


[Site "https://www.chess.com"]

[Event "Early Titled Tuesday Blitz | February 8 2022"]
[White "Brunner, Nicolas"]
[Black "Piesik, Piotr"]
[WhiteFideId "620246"]
[BlackFideId "1136194"]
[WhiteElo "2372"]
[BlackElo "2232"]
[Result "1-0"]
[Round "11"]
[TimeControl "180+1"]
[Date "2022.02.08"]
[WhiteClock "0:00:05"]
[BlackClock "0:01:08"]

1. d4 c5 2. d5 e5 3. e4 d6 4. Nc3 Be7 5. f4 exf4 6. Bxf4 Bg5 7. Bb5+ Kf8 8. Qd2 Bxf4 9. Qxf4 Qf6 10. Qg3 a6 11. Be2 Nd7 12. Nf3 Ne7 13. O-O Ne5 14. Nxe5 Qxe5 15. Qxe5 dxe5 16. a4 Ng6 17. g3 Bh3 18. Rf2 f6 19. a5 Bd7 20. Rb1 Rc8 21. Nd1 Ke7 22. Ne3 Rhd8 23. h4 Nh8 24. Bg4 Bxg4 25. Nxg4 Nf7 26. Ne3 Nd6 27. Nf5+ Nxf5 28. Rxf5 c4 29. Ra1 Rc5 30. Ra4 Rd7 31. c3 Rdc7 32. Rf2 Rb5 33. Rd2 Rcc5 34. Rb4 Rxb4 35. cxb4 Rb5 36. Kf2 Rxb4 37. Kf3 h5 38. Rc2 Kd6 39. Rc3 Kd7 40. g4 hxg4+ 41. Kxg4 Rxb2 42. Rxc4 Rb5 43. Kh5 Rxa5 44. Kg6 Ra1 45. Kxg7 Rh1 46. Kxf6 Rxh4 47. Kxe5 b5 48. Rc6 b4 49. Rxa6 b3 50. Rb6 Rh3 51. Kd4 Kc7 52. Rb4 1-0


[Site "https://www.chess.com"]

[Event "Early Titled Tuesday Blitz | February 8 2022"]
[White "Camacho Collados, Jose"]
[Black "Moskvin, Anatoly"]
[WhiteFideId "2265427"]
[BlackFideId "24199990"]
[WhiteElo "2351"]
[BlackElo "2079"]
[Result "1-0"]
[Round "11"]
[TimeControl "180+1"]
[Date "2022.02.08"]
[WhiteClock "0:00:31"]
[BlackClock "0:00:02"]

1. e4 e5 2. Nf3 Nc6 3. Bb5 Nge7 4. O-O a6 5. Ba4 d6 6. c3 Bd7 7. Re1 Ng6 8. d4 Be7 9. d5 Nb8 10. Nbd2 h6 11. Nf1 Bg5 12. Ne3 Bxe3 13. Bxd7+ Nxd7 14. Bxe3 O-O 15. b4 a5 16. a3 Nh4 17. c4 f5 18. exf5 Rxf5 19. Nd2 axb4 20. axb4 Rxa1 21. Qxa1 Rf6 22. Qb1 Nf5 23. Ne4 Rf8 24. c5 Qh4 25. f3 Ra8 26. c6 bxc6 27. dxc6 Nb8 28. b5 Nxe3 29. Rxe3 d5 30. Ng3 Qd4 31. Nf1 Ra1 32. Qb3 Kf8 33. Qc3 Qd1 34. Qd3 Qxd3 35. Rxd3 d4 36. f4 Ke7 37. fxe5 Ra4 38. Nd2 Rb4 39. Rb3 Rc4 40. Nxc4 1-0


[Site "https://www.chess.com"]

[Event "Early Titled Tuesday Blitz | February 8 2022"]
[White "Caruana, Fabiano"]
[Black "Dobrov, Vladimir"]
[WhiteFideId "2020009"]
[BlackFideId "4136594"]
[WhiteElo "2744"]
[BlackElo "2614"]
[Result "0-1"]
[Round "11"]
[TimeControl "180+1"]
[Date "2022.02.08"]
[WhiteClock "0:00:03"]
[BlackClock "0:00:15"]

1. d4 Nf6 2. Nc3 d5 3. Bf4 c5 4. e3 cxd4 5. exd4 a6 6. Bd3 Nc6 7. Nce2 Nb4 8. Nf3 Nxd3+ 9. cxd3 Qa5+ 10. Bd2 Qb5 11. O-O Bg4 12. Ne5 Bxe2 13. Qxe2 e6 14. a4 Qb6 15. Be3 Bb4 16. Rfc1 O-O 17. h4 Rfc8 18. h5 h6 19. g4 Bd6 20. Kg2 a5 21. Qf3 Rxc1 22. Rxc1 Qxb2 23. Qf4 Qe2 24. Kh3 Bxe5 25. dxe5 Nh7 26. Kg2 Qxd3 27. Rc7 Ng5 28. Qd4 Qe2 29. Bxg5 hxg5 30. Kg3 Qe1 31. Qe3 Qxe3+ 32. fxe3 Rb8 33. Kf3 b6 34. Ra7 Rc8 35. Rb7 Rc4 36. Rxb6 Rxa4 37. Rb8+ Kh7 38. Rb7 Ra1 39. Kf2 a4 40. Rxf7 a3 41. Ra7 a2 42. Kg2 Kg8 43. Ra8+ Kf7 44. Ra7+ Ke8 45. Ra8+ Kd7 46. Ra6 Kc7 47. Ra3 Kb6 48. Ra8 Kc5 49. Ra7 Kc4 50. Rxg7 Re1 51. Rc7+ Kd3 0-1


[Site "https://www.chess.com"]

[Event "Early Titled Tuesday Blitz | February 8 2022"]
[White "Cherniaiev, Tykhon"]
[Black "Hua, Lefong"]
[WhiteFideId "14182360"]
[BlackFideId "2602253"]
[WhiteElo "2289"]
[BlackElo "2562"]
[Result "1/2-1/2"]
[Round "11"]
[TimeControl "180+1"]
[Date "2022.02.08"]
[WhiteClock "0:00:53"]
[BlackClock "0:01:35"]

1. Nf3 Nf6 2. c4 g6 3. b3 Bg7 4. Bb2 O-O 5. g3 c5 6. Bg2 Nc6 7. O-O d6 8. d4 Bf5 9. Nc3 Ne4 10. e3 Nxc3 11. Bxc3 Be4 12. Rc1 e5 13. dxc5 dxc5 14. Qxd8 Raxd8 15. Rfd1 Rfe8 16. Ne1 Bxg2 17. Kxg2 e4 18. Bxg7 Kxg7 19. Rd5 b6 20. Rcd1 Kf6 21. Nc2 Ke7 22. f3 exf3+ 23. Kxf3 Rxd5 24. Rxd5 Ke6 25. Ne1 Rd8 1/2-1/2


[Site "https://www.chess.com"]

[Event "Early Titled Tuesday Blitz | February 8 2022"]
[White "Costachi, Mihnea"]
[Black "Zubov, Alexander"]
[WhiteFideId "1217518"]
[BlackFideId "14109409"]
[WhiteElo "2464"]
[BlackElo "2685"]
[Result "1/2-1/2"]
[Round "11"]
[TimeControl "180+1"]
[Date "2022.02.08"]
[WhiteClock "0:00:04"]
[BlackClock "0:00:04"]

1. d4 Nf6 2. Bg5 d5 3. e3 c5 4. c3 Nc6 5. Nd2 Bf5 6. dxc5 Ne4 7. Nxe4 Bxe4 8. b4 f6 9. Bh4 e5 10. Nf3 Be7 11. Be2 a5 12. a3 g5 13. Bg3 h5 14. h3 Kf7 15. c4 axb4 16. Nd2 h4 17. Bh2 bxa3 18. f3 Bg6 19. cxd5 Nb4 20. d6 Nc2+ 21. Kf2 Bxd6 22. cxd6 Qxd6 23. Ra2 Qc5 24. Nc4 Rhd8 25. Qc1 b5 26. Rxc2 Bxc2 27. Qxc2 bxc4 28. Qh7+ Ke6 29. Rc1 c3 30. Qe4 a2 31. Bc4+ Kd6 32. Qd3+ Kc7 33. Qxc3 a1=Q 34. Rxa1 Rxa1 35. Qxa1 Qxc4 36. Qa7+ Kd6 37. f4 gxf4 38. Qg7 Qc2+ 39. Kf3 Qc6+ 40. Kf2 Kc5 41. Qe7+ Qd6 42. Qa7+ Qb6 43. Qe7+ Kb5 44. Kf3 Qxe3+ 45. Kg4 Qe2+ 46. Kf5 Qh5+ 47. Kxf6 Qh6+ 48. Kxe5 Qh5+ 49. Kxf4 Rd4+ 50. Ke3 Qd5 51. Qe8+ Kb4 52. Qb8+ Kc3 53. Be5 Qe4+ 54. Kf2 Qc2+ 55. Kg1 Qd1+ 56. Kh2 Kc2 57. Bxd4 Qxd4 58. Qc7+ Kd3 59. Qh7+ Ke3 60. Qh6+ Kf2 61. Qf8+ Ke2 62. Qb8 Kf2 63. Qf8+ Ke2 64. Qf3+ Ke1 65. Qg4 Qe5+ 66. Kh1 Qf6 67. Qe4+ Kf2 68. Qc2+ Ke3 69. Qc1+ Ke2 70. Qc2+ Ke3 71. Qb3+ Ke2 72. Qa2+ Ke3 73. Qb1 Ke2 74. Qc2+ Ke3 1/2-1/2


[Site "https://www.chess.com"]

[Event "Early Titled Tuesday Blitz | February 8 2022"]
[White "Cramling Bellon, Anna"]
[Black "Wahedi, Ahmad Siar"]
[WhiteFideId "32009232"]
[BlackFideId "4651260"]
[WhiteElo "1905"]
[BlackElo "2358"]
[Result "0-1"]
[Round "11"]
[TimeControl "180+1"]
[Date "2022.02.08"]
[WhiteClock "0:00:03"]
[BlackClock "0:00:43"]

1. d4 Nf6 2. c4 g6 3. Nc3 Bg7 4. e4 d6 5. h3 O-O 6. Bg5 c5 7. d5 e6 8. Bd3 exd5 9. exd5 Nbd7 10. f4 Re8+ 11. Nge2 a6 12. a4 Qa5 13. O-O Qb4 14. Qc2 b5 15. axb5 Nb6 16. f5 Nxc4 17. Ra4 Qxb2 18. Rxc4 Qxc2 19. Bxc2 axb5 20. Nxb5 Nxd5 21. Nf4 Nxf4 22. Bxf4 Ba6 23. Ba4 Bxb5 24. Bxb5 d5 25. Rxc5 Bd4+ 26. Kh2 Bxc5 27. Bxe8 Rxe8 28. f6 Re4 29. Bh6 Bf8 30. Bg5 h6 31. Bh4 Rxh4 32. Kg3 Re4 33. Rd1 Re5 34. Kf4 Bd6 35. Kf3 g5 36. g4 Kh7 37. Rb1 Kg6 38. Rb6 Re6 39. Rb5 d4 40. Rd5 Be5 41. Ke4 Bxf6+ 42. Kd3 Re3+ 43. Kd2 Rxh3 44. Rf5 Rg3 0-1


[Site "https://www.chess.com"]

[Event "Early Titled Tuesday Blitz | February 8 2022"]
[White "Dahanayake, Isara Banidu"]
[Black "Bugayev, Vladimir"]
[WhiteFideId "9932631"]
[BlackFideId "30901480"]
[WhiteElo "1394"]
[BlackElo "2364"]
[Result "0-1"]
[Round "11"]
[TimeControl "180+1"]
[Date "2022.02.08"]
[WhiteClock "0:00:03"]
[BlackClock "0:00:10"]

1. e4 c6 2. d4 d5 3. e5 Bf5 4. Nd2 e6 5. Nb3 Nd7 6. Nf3 Ne7 7. Be2 Nc8 8. O-O Be7 9. a4 a6 10. a5 Na7 11. c4 dxc4 12. Bxc4 Nb5 13. Bd3 Bxd3 14. Qxd3 O-O 15. Be3 h6 16. Rfd1 Nc7 17. Nfd2 Nxe5 18. Qe4 Ng6 19. Nc4 Nd5 20. Nc5 Bxc5 21. dxc5 Qh4 22. Qc2 Rad8 23. Nd6 Rd7 24. Rd4 Nxe3 25. fxe3 Qg5 26. Re1 Ne5 27. Qf2 f5 28. b4 Ng4 29. Qg3 Nf6 30. Qf2 e5 31. Rdd1 e4 32. Rf1 Nd5 33. Nxf5 Rxf5 34. Qxf5 Qxf5 35. Rxf5 Re7 36. Rdxd5 cxd5 37. Rxd5 Kf7 38. Rd6 Ke8 39. Kf2 Re5 40. Kg3 Ke7 41. Kf4 Rh5 42. h3 Rh4+ 43. Ke5 g5 44. Rb6 g4 45. Rxb7+ Kd8 46. hxg4 Rxg4 47. Kd6 Rg6+ 48. Kd5 Rxg2 49. Kxe4 h5 50. Rh7 Rh2 51. Kd5 h4 52. Kc6 h3 53. Kb7 Rb2 54. Rh4 h2 55. c6 Rxb4+ 56. Rxb4 h1=Q 57. Rd4+ Ke7 58. Rd7+ Ke8 59. Rd4 Qf3 60. e4 Qb3+ 61. Kxa6 Qc3 62. Rd5 Qxc6+ 63. Ka7 Qc7+ 64. Ka6 Qc8+ 65. Ka7 Qc7+ 66. Ka6 Qc4+ 67. Ka7 Qxe4 68. Rb5 Qd4+ 69. Rb6 Kd7 70. Kb7 Qd5+ 71. Ka6 Kc7 72. Rb5 Qc6+ 73. Rb6 Qc4+ 74. Ka7 Qd5 75. a6 Qc5 76. Ka8 Qxb6 77. a7 Qb7# 0-1


[Site "https://www.chess.com"]

[Event "Early Titled Tuesday Blitz | February 8 2022"]
[White "De Arruda, Leandro Formes"]
[Black "Bashirli, Saadat"]
[WhiteFideId "22722009"]
[BlackFideId "13429990"]
[WhiteElo "1780"]
[BlackElo "1173"]
[Result "1-0"]
[Round "11"]
[TimeControl "180+1"]
[Date "2022.02.08"]
[WhiteClock "0:00:32"]
[BlackClock "0:00:01"]

1. d4 d5 2. Nf3 e6 3. e3 c5 4. c3 Nc6 5. Bd3 c4 6. Bc2 Nf6 7. Nbd2 Bd6 8. O-O O-O 9. Re1 b5 10. e4 dxe4 11. Nxe4 Be7 12. Qe2 Bd7 13. Bg5 Nxe4 14. Qxe4 f5 15. Bxe7 Qxe7 16. Qe3 Qf6 17. Rad1 Ne7 18. Ne5 Bc8 19. Qf3 Nd5 20. a4 Rb8 21. Nc6 Rb6 22. axb5 Rxb5 23. Rb1 Bb7 24. Ne5 Qg5 25. Qg3 Qe7 26. Ba4 Rb6 27. Nxc4 Ra6 28. Bb5 f4 29. Qg4 Ra2 30. Rxe6 Qf7 31. Nd6 Qc7 32. Nxb7 Qxb7 33. Bc6 Qxb2 34. Rf1 Nxc3 35. Re7 Ne2+ 36. Kh1 g6 37. Bd5+ Kh8 38. Qd7 Rf7 39. Qe8+ 1-0


[Site "https://www.chess.com"]

[Event "Early Titled Tuesday Blitz | February 8 2022"]
[White "Deac, Bogdan-Daniel"]
[Black "Yoo, Christopher Woojin"]
[WhiteFideId "1226380"]
[BlackFideId "30909694"]
[WhiteElo "2646"]
[BlackElo "2105"]
[Result "1-0"]
[Round "11"]
[TimeControl "180+1"]
[Date "2022.02.08"]
[WhiteClock "0:00:02"]
[BlackClock "0:00:01"]

1. d4 Nf6 2. c4 e6 3. Nf3 d5 4. g3 Be7 5. Bg2 O-O 6. Nc3 dxc4 7. Ne5 Qd6 8. O-O Rd8 9. Nb5 Qb6 10. a4 Ne8 11. Nxc4 Qa6 12. b3 c5 13. Bb2 Nc6 14. e3 Bf6 15. Qe2 cxd4 16. exd4 Ne7 17. Ne5 Bd7 18. Nxd7 Rxd7 19. Rad1 Rad8 20. Qc4 Nd6 21. Nxd6 Rxd6 22. Qxa6 bxa6 23. Rc1 Bxd4 24. Bxd4 Rxd4 25. Rc7 R8d7 26. Rfc1 g6 27. Bf1 a5 28. Bb5 Rxc7 29. Rxc7 Nf5 30. Rxa7 Rb4 31. Bc4 Nd6 32. Bf1 Rxb3 33. Rxa5 Rb1 34. Kg2 Rb2 35. Re5 Ra2 36. a5 f5 37. Rxe6 Nf7 38. Ra6 1-0


[Site "https://www.chess.com"]

[Event "Early Titled Tuesday Blitz | February 8 2022"]
[White "Delorme, Alban"]
[Black "Heinemann, Josefine"]
[WhiteFideId "623636"]
[BlackFideId "12900460"]
[WhiteElo "2197"]
[BlackElo "2300"]
[Result "0-1"]
[Round "11"]
[TimeControl "180+1"]
[Date "2022.02.08"]
[WhiteClock "0:00:02"]
[BlackClock "0:00:32"]

1. e4 c5 2. Nf3 d6 3. d4 cxd4 4. Nxd4 Nf6 5. Nc3 a6 6. Bg5 e6 7. f4 Qb6 8. Qd2 Qxb2 9. Rb1 Qa3 10. e5 dxe5 11. fxe5 Nfd7 12. Ne4 Qxa2 13. Rd1 Qd5 14. Qe3 Qxe5 15. Bf4 Qa5+ 16. c3 Bc5 17. Bd6 Bxd6 18. Nxd6+ Ke7 19. N4f5+ Kf6 20. g4 exf5 21. Nxf5 Ne5 22. Rd6+ Be6 23. h4 Qa1+ 24. Ke2 Qb2+ 25. Rd2 Bc4+ 0-1


[Site "https://www.chess.com"]